 Dungeon Sprint DCSS version 0.30.1-11-g7821555f0a (webtiles) character file.

Game seed: 3684296972192469984

380 Heoruswealwe the Spear-Bearer (level 6, -14/63 HPs)
             Began as a Minotaur Fighter on Nov 3, 2023.
             Demolished by a two-headed ogre
             ... wielding a +0 giant club
              (19 damage)
             ... in the Dungeon (Sprint IX: "|||||||||||||||||||||||||||||").
             The game lasted 00:01:17 (109 turns).

Heoruswealwe the Spear-Bearer (Minotaur Fighter)     Turns: 109, Time: 00:01:17

Health: -14/63     AC:  8    Str: 22    XL:     6   Next: 46%
Magic:  5/5        EV:  9    Int:  5    God:
Gold:   0          SH:  4    Dex: 10    Spells: 5/5 levels left

rFire   . . .        a - +0 trident
rCold   . . .        d - +0 buckler
rNeg    . . .        c - +0 scale mail
rPois   .            (helmet restricted)
rElec   .            (no cloak)
rCorr   .            (no gloves)
SInv    .            (no boots)
Will    .....        (no amulet) Stlth
                     (no ring)
HPRegen 0.30/turn    (no ring)
MPRegen 0.09/turn

%: no teleportation
@: weakened, slowed, very slow
A: horns 2, retaliatory headbutt
a: no special abilities


You were in the Dungeon.
You visited 1 branch

Inventory:

Hand Weapons
 a - a +0 trident (weapon)
Armour
 c - a +0 scale mail (worn)
 d - a +0 buckler (worn)
Jewellery
 m - a +3 ring of strength
 n - a +3 ring of dexterity
Wands
 l - a wand of iceblast (10)
Scrolls
 j - 2 scrolls of blinking
 k - 2 scrolls of amnesia
Potions
 b - a potion of might
 e - 5 potions of curing
 f - a potion of invisibility
 g - a potion of haste
 h - 2 potions of heal wounds
 i - a potion of berserk rage


   Skills:
 + Level 9.1 Fighting
 * Level 12.0 Polearms
 + Level 9.1 Armour
 - Level 3.6 Shields


You had 5 spell levels left.
You didn't know any spells.
Your spell library was empty.

Dungeon Overview and Level Annotations

Branches:
Dungeon (1/1)

Altars:
Cheibriados
Dithmenos
Elyvilon
Fedhas
Gozag
Hepliaklqana
Kikubaaqudgha
Makhleb
Nemelex Xobeh
Okawaru
Qazlal
Ru
Sif Muna
Trog
Uskayaw
Vehumet
Wu Jian
Xom
Yredelemnul
Zin
The Shining One
Jiyva
Lugonu


Innate Abilities, Weirdness & Mutations

You have a pair of horns on your head.
You reflexively headbutt those who attack you in melee.


Message History

The wraith is moderately damaged.
The wraith barely misses you. You furiously retaliate!
You headbutt the wraith!
The gnoll bouda barks out a call to the hunt!
The gnoll sergeant picks up the pace!
You hit the wraith but do no damage.
You headbutt the wraith, but do no damage.
The wraith is severely damaged.
The wraith hits you! The wraith drains your vigour!
You feel yourself slow down.
You hit the wraith.
You headbutt the wraith, but do no damage.
The wraith is severely damaged.
You block the wraith's attack. The wraith hits you.
You closely miss the wraith.
The wraith is severely damaged.
The wraith hits you but does no damage.
You hit the wraith.
You headbutt the wraith, but do no damage.
The wraith is almost destroyed.
The wraith hits you. The wraith drains your vigour!
You feel as though you will be slow longer.
You puncture the wraith!
You destroy the wraith!
You block the gnoll sergeant's attack.
Your Fighting skill increases to level 9!
Your Polearms skill gained 2 levels and is now at level 12!
Your Armour skill increases to level 9!
You have reached level 6!
You hit the two-headed ogre but do no damage.
The two-headed ogre closely misses you.
The two-headed ogre hits you with a +2 dire flail of protection!
* * * LOW HITPOINT WARNING * * *
The gnoll bouda gazes fiercely through you!
You feel your attacks grow feeble.
The gnoll sergeant hits you from afar with a +0 spear!
* * * LOW HITPOINT WARNING * * *
You hit the two-headed ogre but do no damage.
You headbutt the two-headed ogre, but do no damage.
The two-headed ogre hits you with a +0 giant club!!
You die... ▓▓▓▓▓▓▓▓▓▓▓▓▓▓▓▓▓▓▓▓▓▓▓▓ ...TggO@.[[[.).!'_______ ▓▓▓▓▓▓▓▓▓▓▓▓▓▓▓▓▓▓▓▓▓▓▓▓

You could see a two-headed ogre, a troll, a gnoll sergeant (swift) and a gnoll bouda.

Vanquished Creatures
  A wyvern (D)
  A wraith (D)
  A howler monkey (D)
  An iguana (D)
  A white imp (D)
  An orc (D)
  A giant cockroach (D)
  A goblin (D)
  A jackal (D)
  2 ball pythons (D)
  A rat (D)
12 creatures vanquished.

Notes
Turn   | Place    | Note
-------+----------+-------------------------------------------
     0 | D        | Heoruswealwe the Minotaur Fighter began the quest for the
                  | Orb.
     0 | D        | Reached XP level 1. HP: 19/19 MP: 0/0
     6 | D        | Reached skill level 3 in Polearms
    17 | D        | Noticed a howler monkey
    17 | D        | Noticed an iguana
    19 | D        | Reached skill level 4 in Polearms
    30 | D        | Killed an iguana
    31 | D        | Reached skill level 5 in Fighting
    31 | D        | Reached skill level 5 in Polearms
    31 | D        | Reached skill level 5 in Armour
    31 | D        | Reached XP level 2. HP: 11/29 MP: 1/1
    31 | D        | Reached XP level 3. HP: 13/36 MP: 2/2
    39 | D        | Reached skill level 6 in Polearms
    47 | D        | Reached skill level 7 in Polearms
    47 | D        | Reached XP level 4. HP: 34/44 MP: 3/3
    54 | D        | Found a snail-covered altar of Cheibriados.
    54 | D        | Found a shadowy altar of Dithmenos.
    54 | D        | Found a white marble altar of Elyvilon.
    54 | D        | Found a blossoming altar of Fedhas.
    54 | D        | Found an opulent altar of Gozag.
    55 | D        | Found a hazy altar of Hepliaklqana.
    56 | D        | Found a viscous altar of Jiyva.
    57 | D        | Found an ancient bone altar of Kikubaaqudgha.
    58 | D        | Found a corrupted altar of Lugonu.
    59 | D        | Found a burning altar of Makhleb.
    60 | D        | Found a sparkling altar of Nemelex Xobeh.
    61 | D        | Found an iron altar of Okawaru.
    62 | D        | Found a stormy altar of Qazlal.
    63 | D        | Found a sacrificial altar of Ru.
    64 | D        | Found a shimmering blue altar of Sif Muna.
    65 | D        | Found a bloodstained altar of Trog.
    66 | D        | Found a hide-covered altar of Uskayaw.
    67 | D        | Found a radiant altar of Vehumet.
    68 | D        | Found an ornate altar of the Wu Jian Council.
    69 | D        | Found a shimmering altar of Xom.
    70 | D        | Found a basalt altar of Yredelemnul.
    71 | D        | Found a glowing silver altar of Zin.
    72 | D        | Found a glowing golden altar of the Shining One.
    96 | D        | Noticed a troll
    96 | D        | Noticed a gnoll sergeant
    96 | D        | Noticed a two-headed ogre
    96 | D        | Noticed a wraith
    96 | D        | Noticed a wyvern
   101 | D        | Killed a wyvern
   102 | D        | Reached skill level 10 in Polearms
   102 | D        | Reached XP level 5. HP: 41/53 MP: 4/4
   107 | D        | Killed a wraith
   108 | D        | Reached skill level 12 in Polearms
   108 | D        | Reached XP level 6. HP: 28/63 MP: 5/5
   109 | D        | Demolished by a two-headed ogre

Illustrated notes

Levels and vault maps discovered:
D:        linesprint [early_d, line_temple, items_1, d_10, items_2, lair_1,
          lair_end, items_3, orc_1, orc_end, items_4, d_15, swamp_1, shoals_1,
          snake_1, spider_1, d_20, vaults_1, items_5, swamp_end, shoals_end,
          snake_end, spider_end, vaults_end, d_27, items_6, zot_1, zot_end,
          crypt_end, forest_end, elf_end, slime_end, tomb_end, abyss_end,
          pan_hell_end]

Skill      XL: |  1  2  3  4  5 |
---------------+----------------+-----
Polearms       | 5 7 10 12 | 12.0
Fighting       | 5 6 8 9 |  9.1
Armour         | 5 6 8 9 |  9.1
Shields        | |  3.6

Action                     |  1- 3 |  4- 6 || total
---------------------------+-------+-------++-------
  Melee: Trident           |    33 |    13 ||    46
         Headbutt          |     6 |     5 ||    11
    Use: Potion            |     1 |       ||     1
 Armour: Scale mail        |    12 |     2 ||    14
  Dodge: Dodged            |    13 |     6 ||    19
  Block: Buckler           |       |     2 ||     2
